AoeStats
← ALIKOG_IR

MegaRandom

503354475Analyzed
1v1 RM · 1mo ago on Aug 31, 2026· 33m 19s· 2 players
Game mode
Random Map
Map size
Tiny (2 player)
Population
200
Speed
Normal
Resources
Standard
Victory
Conquest
Starting age
Dark Age
Ending age
Imperial Age
RankedLock teamsTeams togetherTeam positionsShared explorationLock speedFull tech treeHidden civsTurbo modeCheats
Victory
Defeat
🇨🇿 Hindustanis · Czechia
1411
+15
🇦🇷 Goths · Argentina
1391
-15
ALIKOG_IR
3:09 Loom
10:11 Feudal Age
14:39 Castle Age
13:10 Horse Collar
13:09 Man-at-Arms
14:20 Double-Bit Axe
20:40 Scale Mail Armor
24:07 Chain Mail Armor
25:42 Forging
31:30 Imperial Age
29:10 Squires
30:04 Iron Casting
30:25 Devotion
30:34 Anarchy
33:42 Blast Furnace
robocoplex
3:48 Loom
9:32 Feudal Age
14:00 Castle Age
12:11 Double-Bit Axe
12:47 Horse Collar
16:16 Wheelbarrow
16:48 Town Watch
17:29 Scale Mail Armor
21:40 Squires
27:42 Imperial Age
25:31 Stone Mining
27:39 Padded Archer Armor
29:29 Chemistry
29:16 Fletching
30:10 Bow Saw
32:27 Conscription
32:11 Shatagni
32:57 Leather Archer Armor
Connection lost

Rejoining the realm…

Still unreachable

The connection could not be restored.

Session expired

The server has moved on; the page needs a fresh start.